 Dungeon Crawl Stone Soup version 0.31-a0-236-g9a0961fb85 (webtiles) character file.

Game seed: 1465156774397612797

75 qw the Shooter (level 4, -11/26 HPs)
             Began as a Gargoyle Hexslinger on July 10, 2023.
             Mangled by an ogre
             ... wielding a +0 giant spiked club
              (13 damage)
             ... on level 4 of the Dungeon.
             The game lasted 00:00:42 (1868 turns).

qw the Shooter (Gargoyle Hexslinger)                Turns: 1868, Time: 00:00:43

Health: -11/26     AC:  7    Str: 12    XL:     4   Next: 31%
Magic:  5/5        EV: 11    Int: 13    God:
Gold:   121        SH:  0    Dex: 14    Spells: 4/5 levels left

rFire   + . .        Y - +4 sling
rCold   + . .        (no shield)
rNeg    + . .        c - +1 leather armour {rC+}
rPois   inf          (no helmet)
rElec   +            (no cloak)
rCorr   .            (no gloves)
SInv    .            (no boots)
Will    .....        (no amulet)
Stlth   +            (no ring)
HPRegen 0.24/turn    (no ring)
MPRegen 0.09/turn

%: no passive effects
@: about to teleport
A: sickness immunity, AC +3, negative energy resistance 1, electricity
resistance, torment resistance 1, petrification resistance, fire resistance 1
a: no special abilities


You were on level 4 of the Dungeon.
You visited 1 branch of the dungeon, and saw 4 of its levels.

You collected 121 gold pieces.


Innate Abilities, Weirdness & Mutations

You are immune to sickness and miasma.
Your stone body is resilient. (AC +3)
You are immune to poison.
You resist negative energy. (rN+)
You are resistant to electric shocks. (rElec)
You are resistant to unholy torment.
You are immune to petrification.
Your flesh is heat resistant. (rF+)


   Skills:
 - Level 2.0 Fighting
 + Level 4.1 Ranged Weapons
 - Level 0.3 Armour
 - Level 1.5 Dodging
 - Level 1.0 Spellcasting
 - Level 2.6 Hexes


You had 4 spell levels left.
You knew the following spells:

 Your Spells              Type           Power      Damage    Failure   Level
a - Slow                  Hex            28%        N/A       12%         1

Your spell library contained the following spells:

 Spells                   Type           Power      Damage    Failure   Level
 Inner Flame              Hex/Fire       4%         N/A       52%         3
 Portal Projectile        Hex/Tloc       8%         N/A       52%         3
 Cause Fear               Hex            3%         N/A       75%         4

Inventory:

Hand Weapons
 Y - a +4 sling (weapon)
Armour
 c - a +1 leather armour of cold resistance (worn)
Scrolls
 a - a scroll of teleportation
 b - a scroll of identify
Potions
 e - 2 potions of mutation
 f - a potion of attraction {unknown}
 g - a potion of might
 h - a potion of haste {unknown}
 i - a potion of brilliance {unknown}
 k - a potion of curing

Dungeon Overview and Level Annotations

Branches:
Dungeon (4/15)
 Temple: D:4-7

Altars:
Ashenzari
Gozag
Makhleb
The Shining One


Message History

The white imp gestures at you. The puff of frost hits you. You resist.
You shoot a sling bullet.
The sling bullet hits the white imp but does no damage.
The white imp is heavily wounded.
The white imp hits you but does no damage.
You shoot a sling bullet.
The sling bullet hits the white imp but does no damage.
The white imp is heavily wounded.
The white imp hits you but does no damage.
The white imp misses you.
You shoot a sling bullet.
The sling bullet closely misses the white imp.
The white imp barely misses you.
You shoot a sling bullet. The sling bullet hits the white imp.
The white imp is heavily wounded.
The white imp hits you but does no damage.
You shoot a sling bullet. The sling bullet hits the white imp.
You kill the white imp!
You start resting.
HP restored.
Found an escape hatch in the floor.
Found a stone staircase leading down.
Enter note: An ogre comes into view. It is wielding a +0 giant spiked club.
Enter note: You shoot a sling bullet.
The sling bullet hits the ogre!
The ogre is moderately wounded.
You shoot a sling bullet. The sling bullet hits the ogre.
The ogre is heavily wounded.
The ogre hits you with a +0 giant spiked club!!
Ouch! That really hurt!
1867 ||| READING 2 scrolls of teleportation.
As you read the scroll of teleportation, it crumbles to dust.
You feel strangely unstable.
You shoot a sling bullet. The sling bullet hits the ogre!
The ogre is almost dead.
The ogre hits you with a +0 giant spiked club!
Ouch! That really hurt!
You die...

#.... #....#.
##.....#
#....#.. #
#....#.###.#
#....#.....
#....#..#
#..O@...##...
#..##.........
# ###.#####.##
#...# ..# #..
#...# ...
#..###.#.# ...
#.>....#.# #.#
## #........#
#.# #<
#........#
#.####.


You could see an ogre.

Vanquished Creatures
  2 adders (D:2)
  A white imp (D:4)
  2 dart slugs
  2 orcs
  4 ball pythons
  3 endoplasms
  3 giant cockroaches
  9 goblins
  3 hobgoblins
  3 kobolds
  A quokka (D:2)
  4 bats
  A frilled lizard (D:2)
  4 rats
42 creatures vanquished.

Notes
Turn   | Place    | Note
-------+----------+-------------------------------------------
     0 | D:1      | qw the Gargoyle Hexslinger began the quest for the Orb.
     0 | D:1      | Reached XP level 1. HP: 12/12 MP: 2/2
     0 | D:1      | 0 ||| qw: Version: 0.3-a-52-g30416fa
     0 | D:1      | 0 ||| qw: Game counter: 4514
     0 | D:1      | 0 ||| qw: Melee chars always use a shield: true
     0 | D:1      | 0 ||| qw: God list: Okawaru
     0 | D:1      | 0 ||| qw: Allow faded altars: false
     0 | D:1      | 0 ||| qw: Do Orc after clearing Dungeon:15 true
     0 | D:1      | 0 ||| qw: Do second Lair branch before Depths: true
     0 | D:1      | 0 ||| qw: Lair rune preference: random
     0 | D:1      | 0 ||| qw: Goals: Normal
     0 | D:1      | 0 ||| PLANNING D:1-11
   274 | D:1      | Reached XP level 2. HP: 16/16 MP: 3/3
   306 | D:1      | Reached skill level 3 in Ranged Weapons
   525 | D:1      | Found a faded altar of an unknown god.
   582 | D:1      | 582 ||| READING 2 scrolls labelled ENUHIH ELEGITO.
   585 | D:1      | 585 ||| READING 3 scrolls labelled WUGRUA RYEFA.
   586 | D:1      | 586 ||| READING 2 scrolls of enchant weapon.
   586 | D:1      | 586 ||| ENCHANTING +2 sling.
   587 | D:1      | 587 ||| READING scroll of enchant weapon.
   587 | D:1      | 587 ||| ENCHANTING +3 sling.
   588 | D:1      | 588 ||| DRINKING 3 purple potions.
   588 | D:1      | Gained mutation: Your flesh is heat resistant. (rF+)
                  | [potion of mutation]
   589 | D:1      | 589 ||| DROPPING scroll of poison.
   627 | D:2      | Reached XP level 3. HP: 21/21 MP: 4/4
  1082 | D:2      | Found a broken altar of Ashenzari.
  1153 | D:2      | Reached XP level 4. HP: 26/26 MP: 5/5
  1180 | D:2      | 1180 ||| UPGRADING to +0 ring mail.
  1190 | D:2      | 1190 ||| DROPPING +0 robe.
  1191 | D:2      | 1191 ||| READING scroll labelled RAZYSTR KUBI.
  1192 | D:2      | 1192 ||| READING scroll labelled KOFOSU MANA VEMM.
  1193 | D:2      | 1193 ||| READING scroll labelled KANLAROSTA.
  1214 | D:2      | 1214 ||| READING scroll labelled ZAIXZU SIRAY.
  1215 | D:2      | 1215 ||| DRINKING 2 fizzy green potions.
  1216 | D:2      | 1216 ||| DRINKING 2 inky potions.
  1375 | D:3      | Found a burning altar of Makhleb.
  1449 | D:3      | Reached skill level 4 in Ranged Weapons
  1496 | D:3      | Found a glowing golden altar of the Shining One.
  1496 | D:3      | Found an opulent altar of Gozag.
  1760 | D:3      | 1760 ||| UPGRADING to +1 leather armour of cold resistance.
  1770 | D:3      | 1770 ||| DROPPING +0 ring mail.
  1771 | D:3      | 1771 ||| DROPPING ring of magical power.
  1772 | D:3      | 1772 ||| READING scroll labelled TECOCY VU OTE.
  1773 | D:3      | 1773 ||| READING scroll labelled ADONTU PAASUCK.
  1864 | D:4      | Noticed an ogre
  1866 | D:4      | HP: 1/26 [ogre/+0 giant spiked club (25)]
  1867 | D:4      | 1867 ||| READING 2 scrolls of teleportation.
  1868 | D:4      | Mangled by an ogre

Levels and vault maps discovered:
D:1:      onia_arrival_pyramid, layout_basic, basic_ecumenical_altar
D:2:      layout_loops_cross, basic_altar
D:3:      layout_loops_ring, chequers_temple_overflow_statue_of_worship
D:4:      layout_basic, serial_shops, nicolae_diamond_shop, serial_bayou_ford_a

Skill      XL: |  1  2  3  4 |
---------------+-------------+-----
Ranged Weapons | 3 4 |  4.1
Fighting       | 2 |  2.0
Armour         | |  0.3
Dodging        | |  1.5
Spellcasting   | |  1.0
Hexes          | |  2.6

Action                     |  1- 3 |  4- 6 || total
---------------------------+-------+-------++-------
   Fire: Sling             |    86 |    36 ||   122
    Use: Scroll            |     4 |     7 ||    11
         Potion            |     1 |     2 ||     3
 Armour: Robe              |    12 |       ||    12
         Ring mail         |       |     6 ||     6
         Leather armour    |       |     3 ||     3
  Dodge: Dodged            |    15 |    11 ||    26

Table legend:
 A = Non-vault XP
 B = Vault XP
 C = Vault XP percentage of total XP
 D = Non-vault monster count
 E = Vault monster count
 F = Vault count percentage of total count
                 A         B        C        D         E       F
            +---------+---------+-------+---------+---------+-------
      Total |     108 |       0 |   0.0 |      42 |       0 |   0.0
            +---------+---------+-------+---------+---------+-------
        D:1 |      29 |       0 |   0.0 |      15 |       0 |   0.0
        D:2 |      53 |       0 |   0.0 |      16 |       0 |   0.0
        D:3 |      16 |       0 |   0.0 |      10 |       0 |   0.0
        D:4 |      10 |       0 |   0.0 |       1 |       0 |   0.0
            +---------+---------+-------+---------+---------+-------
